 Dungeon Crawl Stone Soup version 0.23-a0-38-g6d804a8 (console) character file.

363 nht the Cutter (level 6, 0/35 HPs)
             Began as a Gargoyle Assassin on Aug 5, 2018.
             Killed from afar by an orc wizard (6 damage)
             ... with a puff of flame
             ... on level 5 of the Dungeon.
             The game lasted 00:07:00 (3505 turns).

nht the Cutter (Gargoyle Assassin)                  Turns: 3505, Time: 00:07:00

Health: 0/35       AC:  7    Str: 15    XL:     6   Next: 67%
Magic:  6/6        EV: 11    Int: 11    God:
Gold:   192        SH:  0    Dex: 13    Spells: 5/5 levels left

rFire    . . .     SeeInvis .   a - +3 dagger
rCold    . . .     Gourm    .   (no shield)
rNeg     + . .     Faith    .   c - +0 robe
rPois    ∞         Spirit   .   (no helmet)
rElec    +         Reflect  .   d - +0 cloak
rCorr    .         Harm     .   (no gloves)
MR       .....     Rnd*Tele +   (no boots)
Stlth    +++.......             (no amulet)
HPRegen  0.11/turn              m - ring of teleportation (curse)
MPRegen  0.10/turn              (no ring)

@: no status effects
A: negative energy resistance 1, electricity resistance, unbreathing,
petrification resistance, rot immunity, AC +4
a: no special abilities


You were on level 5 of the Dungeon.
You were not hungry.

You visited 1 branch of the dungeon, and saw 5 of its levels.

You collected 192 gold pieces.

Inventory:

Hand Weapons
 a - a +3 dagger (weapon)
 b - a +0 blowgun
Missiles
 e - 5 poisoned needles
 h - 7 tomahawks (quivered)
Armour
 c - a +0 robe (worn)
 d - a +0 cloak (worn)
 k - a cursed +0 shield
Jewellery
 m - a cursed ring of teleportation (left hand)
Wands
 f - a wand of disintegration (6)
Scrolls
 i - a scroll of identify
Potions
 j - 2 potions of resistance
 l - 2 potions of magic
Comestibles
 g - 6 rations
 n - 3 chunks of flesh


   Skills:
 - Level 2.1 Fighting
 + Level 6.3 Short Blades
 - Level 1.7 Throwing
 - Level 0.7 Dodging
 - Level 4.3 Stealth


You had 5 spell levels left.
You didn't know any spells.
Your spell library was empty.

Dungeon Overview and Level Annotations

Branches:
Dungeon (5/15)             Temple (0/1) D:4

Altars:
Cheibriados


Innate Abilities, Weirdness & Mutations

You are resistant to torment.
Your stone body is resilient. (AC +4)
You are immune to poison.
You resist negative energy. (rN+)
You are resistant to electric shocks. (rElec)
You can survive without breathing.
You are immune to petrification.
You are immune to rotting.


Message History

Aiming: Disintegrate
Press: ? - help, Shift-Dir - straight line, f/p - orc wizard
Aim: an orc wizard, wielding a dagger and wearing a robe (chance to defeat MR: 65%)
The orc wizard is blasted.
The orc wizard hits you but does no damage.
You hit the orc wizard but do no damage.
The orc wizard is almost dead.
The orc wizard hits you but does no damage.
You closely miss the orc wizard.
The orc wizard is almost dead.
You hit the orc wizard but do no damage.
The orc wizard is almost dead.
The orc wizard casts a spell at you. The puff of flame hits you!
* * * LOW HITPOINT WARNING * * *
You barely miss the orc wizard.
The orc wizard is almost dead.
The orc wizard casts a spell at you. The puff of flame hits you!
You die...

....████████
...........█ .██.█
....██████.███..█.█
..§.o..............
.....███.█.████...█
...█.█ ███.█████..█
████.█ █o......█..█
..█ █.█.....█.%█


████ █.███████@.█ █......)o%>█ ████████████ You could see an orc wizard.

Vanquished Creatures
  A scorpion (D:4)
  A hound (D:3)
  An orc wizard (D:5)
  An iguana (D:4)
  2 worker ants
  4 gnolls (D:3)
  4 adders
  4 oozes
  An adder skeleton (D:4)
  An adder zombie (D:5)
  2 worms
  4 dart slugs
  A leopard gecko (D:3)
  2 giant cockroaches
  8 goblins
  12 hobgoblins
  2 jackals
  7 kobolds
  3 quokkas
  3 ball pythons
  6 bats
  9 frilled lizards
  6 rats
85 creatures vanquished.

Notes
Turn   | Place    | Note
-------+----------+-------------------------------------------
     0 | D:1      | nht the Gargoyle Assassin began the quest for the Orb.
     0 | D:1      | Reached XP level 1. HP: 12/12 MP: 1/1
    20 | D:1      | Reached skill level 2 in Short Blades
    79 | D:1      | Reached XP level 2. HP: 15/17 MP: 2/2
   523 | D:1      | Reached skill level 3 in Short Blades
   578 | D:1      | Reached XP level 3. HP: 21/21 MP: 3/3
  1187 | D:2      | Found a snail-covered altar of Cheibriados.
  1268 | D:2      | Reached XP level 4. HP: 23/26 MP: 4/4
  1390 | D:2      | Reached skill level 4 in Short Blades
  1969 | D:3      | Reached XP level 5. HP: 9/30 MP: 5/5
  2616 | D:3      | Reached skill level 5 in Short Blades
  3166 | D:4      | Reached XP level 6. HP: 35/35 MP: 6/6
  3309 | D:5      | Entered Level 5 of the Dungeon
  3317 | D:5      | Reached skill level 6 in Short Blades
  3505 | D:5      | Killed from afar by an orc wizard

Vault maps used:
D:1:      tarquinn_simple_flora_water_f
D:2:      cheibriados_altar_1, serial_forest, infiniplex_forest_end_1,
          infiniplex_forest_end_3, infiniplex_forest_lined_corner,
          infiniplex_forest_lined_room_3, infiniplex_forest_lined_1,
          infiniplex_forest_diagonal, infiniplex_forest_side_room,
          infiniplex_forest_straight_2, infiniplex_forest_pool
D:4:      temple_hall_moat, first_ration, uniq_blork_the_orc, uniq_ijyb,
          uniq_pikel
D:5:      nicolae_ossuary_entry_giza

Skill      XL: |  1  2  3  4  5  6 |
---------------+-------------------+-----
Short Blades   | 2 3 4 5 6 |  6.3
Fighting       | |  2.1
Throwing       | |  1.7
Dodging        | |  0.7
Stealth        | |  4.3

Action                   |  1- 3 |  4- 6 || total
-------------------------+-------+-------++-------
Melee: Dagger            |   100 |   160 ||   260
 Fire: Blowgun           |       |    22 ||    22
Throw: Tomahawk          |       |     1 ||     1
Evoke: Wand              |       |     4 ||     4
  Use: Potion            |     2 |     2 ||     4
       Scroll            |     1 |     4 ||     5
 Stab: Sleeping          |    11 |    13 ||    24
  Eat: Chunk             |     1 |     7 ||     8
Armor: Robe              |    28 |    55 ||    83
Dodge: Dodged            |    60 |    82 ||   142

Table legend:
 A = Spawn XP
 B = Non-spawn XP
 C = Spawn XP percentage of total XP
 D = Spawn monster count
 E = Non-spawn monster count
 F = Spawn count percentage of total count
 G = Total turns spent on level
                    A         B        C        D         E        F      G
               +---------+---------+-------+---------+---------+-------+---------
         Total |       0 |     519 |   0.0 |       0 |      85 |   0.0 |  3505
               +---------+---------+-------+---------+---------+-------+---------
           D:1 |       0 |      36 |   0.0 |       0 |      20 |   0.0 |   866
           D:2 |       0 |      80 |   0.0 |       0 |      21 |   0.0 |   904
           D:3 |       0 |     162 |   0.0 |       0 |      28 |   0.0 |  1379
           D:4 |       0 |     146 |   0.0 |       0 |       6 |   0.0 |   160
           D:5 |       0 |      95 |   0.0 |       0 |      10 |   0.0 |   196
               +---------+---------+-------+---------+---------+-------+---------
